 Dungeon Crawl Stone Soup version 0.16.2-12-gd0ad4c3 (webtiles) character file.

1794 4thArraOfDagon the Cleaver (level 8, 0/69 HPs)
             Began as a Deep Dwarf Gladiator on Aug 6, 2016.
             Was a Follower of Makhleb.
             Slain by a spiny frog (16 damage)
             ... on level 1 of the Lair of Beasts.
             The game lasted 00:12:09 (1281 turns).

4thArraOfDagon the Cleaver (Deep Dwarf Gladiator)   Turns: 1281, Time: 00:12:09

Health: 0/69       AC: 13    Str: 20    XL:     8   Next: 82%
Magic:  8/9        EV:  7    Int: 10    God:    Makhleb [*.....]
Gold:   21         SH:  0    Dex: 15    Spells: 0 memorised, 7 levels left

rFire  + . .     SeeInvis .     g - +0 hand axe (vamp)
rCold  + . .     Clarity  .     w - +0 plate armour
rNeg   . . .     SustAb   .     (no shield)
rPois  +         Gourm    .     c - +0 helmet
rElec  +         Spirit   .     (no cloak)
rCorr  +         Warding  .     (no gloves)
rMut   .         Stasis   .     (no boots)
MR     +....                    (no amulet)
Stlth  ..........               (no ring)
                                (no ring)

@: lethally poisoned (0 -> 0), resistant (expiring), non-regenerating, somewhat
resistant to hostile enchantments, extremely unstealthy
A: damage resistance, recharge devices, agile 1, sense surroundings 1, slow
healing 3
a: Device Recharging, Renounce Religion


You were on level 1 of the Lair of Beasts.
You worshipped Makhleb.
Makhleb was aware of your devotion.
You were not hungry.

You visited 3 branches of the dungeon, and saw 11 of its levels.

You collected 126 gold pieces.
You spent 105 gold pieces at shops.

Inventory:

Hand weapons
 a - a cursed +0 war axe
 g - a +0 vampiric hand axe (weapon)
 i - a +1 hand axe of distortion
 y - a +0 war axe
Armour
 b - a +0 leather armour
 c - a +0 helmet (worn)
 o - a +0 chain mail
 w - a +0 plate armour (worn)
Jewellery
 m - a cursed -2 ring of evasion {unknown}
Magical devices
 e - a wand of heal wounds (2)
 u - a wand of lightning (0)
 F - a wand of disintegration (12)
Scrolls
 j - a scroll of fear {unknown}
 s - 3 scrolls of teleportation
 v - a scroll of torment {unknown}
 x - a scroll of remove curse {unknown}
 A - a scroll of fog {unknown}
 B - 2 scrolls of magic mapping
 C - 2 scrolls of noise
 E - a scroll of recharging {unknown}
Potions
 h - 2 potions of haste {unknown}
 r - a potion of restore abilities
 t - a potion of poison {unknown}
 z - a potion of invisibility {unknown}
Books
 n - a Young Poisoner's Handbook

   Spells                             Type                      Level
   a - Sting                          Conjuration/Poison           1
   b - Cure Poison                    Poison                       2
   c - Mephitic Cloud                 Conjuration/Poison/Air       3
   d - Olgreb's Toxic Radiance        Poison                       4
   e - Venom Bolt                     Conjuration/Poison           5
Comestibles
 f - 2 bread rations
 p - a meat ration


   Skills:
 + Level 3.0 Fighting
 * Level 11.0 Axes
 - Level 1.7 Throwing
 + Level 4.8 Armour
 - Level 3.2 Dodging
 + Level 3.8 Evocations


You had 7 spell levels left.
You didn't know any spells.

Dungeon Overview and Level Annotations

Branches:
Dungeon (9/15)             Temple (1/1) D:6            Lair (1/8) D:9
    Orc: D:9-12

Altars:
Ashenzari
Cheibriados
Dithmenos
Elyvilon
Fedhas
Gozag
Kikubaaqudgha
Makhleb
Nemelex Xobeh
Okawaru
Qazlal
Ru
Sif Muna
Trog
Vehumet
Xom
Yredelemnul
Zin
The Shining One

Shops:
D:6 ?

Annotations:
D:7 Dowan, Pikel


Innate Abilities, Weirdness & Mutations

You are resistant to damage.
You can recharge devices by infusing magical energy.
You passively map a small area around you.
You do not heal naturally.
You are agile. (Dex +2)


Message History

The spiny frog barely misses you.
Unknown command.
Unknown command.
Evoke which item? (* to show all) (? for menu, Esc to quit)
Zapping:
F - a wand of disintegration {zapped: 2} (will waste charges)
Press: ? - help, Shift-Dir - straight line, f/p - spiny frog
Aim: a spiny frog (severely wounded, chance 76%)
The spiny frog barely resists.
Evoking this partially-identified wand wasted a few charges.
The spiny frog stings you but does no damage.
Unknown command.
Unknown command.
Evoke which item? (* to show all) (? for menu, Esc to quit)
Zapping:
F - a wand of disintegration {zapped: 4} (will waste charges)
Press: ? - help, Shift-Dir - straight line, f/p - spiny frog
Aim: a spiny frog (severely wounded, chance 76%)
The spiny frog barely resists.
Evoking this partially-identified wand wasted a few charges.
The adder bites you but does no damage. The spiny frog stings you!
You die...

# * ## *
###.####.###### *
.................
, *
........@S.......
,
.#./....F........
, *
.#............. ,
#.##+#.##..... *
*, # ...*..... ,,
,...* ... ,... .
* l ....# , ... *


You could see a spiny frog and an adder.

Vanquished Creatures
  A wyvern (D:5)
  A hungry ghost (D:9)
  A deep elf mage (D:9)
  2 orc warriors
  A necrophage (D:8)
  A centaur (D:8)
  Duvessa (D:7)
  A giant frog (D:8)
  A water moccasin zombie (D:6)
  4 killer bees
  A scorpion (D:8)
  2 crimson imps
  A centaur zombie (D:9)
  2 hounds
  3 orc wizards
  5 worker ants
  2 orc priests
  An iguana (D:5)
  A hound zombie (D:7)
  A mummy (D:8)
  A hound skeleton (D:5)
  A giant mite (D:4)
  A shadow imp (D:8)
  An adder skeleton (D:8)
  An ooze (D:7)
  8 orcs
  5 hobgoblins
  5 kobolds
  3 bats
  2 giant cockroaches
  5 goblins
  A quokka skeleton (D:5)
  5 rats
72 creatures vanquished.

Vanquished Creatures (others)
  A crimson imp (D:5)
  An orc priest (D:4)
  6 fungi (D:9)
8 creatures vanquished.

Grand Total: 80 creatures vanquished

Notes
Turn   | Place    | Note
--------------------------------------------------------------
     0 | D:1      | 4thArraOfDagon, the Deep Dwarf Gladiator, began the quest for the Orb.
     0 | D:1      | Reached XP level 1. HP: 19/19 MP: 1/1
    61 | D:1      | You fall through a shaft!
   133 | D:2      | Reached XP level 2. HP: 23/26 MP: 2/2
   149 | D:2      | Found a sparkling altar of Nemelex Xobeh.
   168 | D:2      | Reached skill level 4 in Axes
   324 | D:4      | Reached skill level 5 in Axes
   324 | D:4      | Reached XP level 3. HP: 24/32 MP: 3/3
   345 | D:4      | HP: 1/32 [orc priest/divine providence (11)]
   347 | D:4      | Drew Focus: Str increased to 19, Int decreased to 8
   353 | D:4      | Reached XP level 4. HP: 24/39 MP: 4/4
   393 | D:5      | Entered Level 5 of the Dungeon
   393 | D:5      | Noticed a wyvern
   395 | D:5      | Gained mutation: You are agile. (Dex +2) [helix card]
   398 | D:5      | HP: 1/39 [wyvern (4)]
   402 | D:5      | Killed a wyvern
   402 | D:5      | Reached skill level 7 in Axes
   402 | D:5      | Reached XP level 5. HP: 28/45 MP: 5/5
   402 | D:5      | Reached XP level 6. HP: 32/52 MP: 6/6
   437 | D:5      | Noticed an orc warrior
   440 | D:5      | Reached skill level 8 in Axes
   454 | D:5      | Killed an orc warrior
   516 | D:5      | Reached XP level 7. HP: 20/58 MP: 7/7
   612 | D:6      | Reached skill level 1 in Armour
   623 | D:6      | Found a staircase to the Ecumenical Temple.
   632 | Temple   | Entered the Ecumenical Temple
   658 | Temple   | Became a worshipper of Makhleb the Destroyer
   704 | D:6      | Reached skill level 9 in Axes
   744 | D:6      | Found Dahom's Magic Scroll Shop.
   747 | D:6      | Bought a scroll of magic mapping for 49 gold pieces
   747 | D:6      | Bought a scroll of teleportation for 42 gold pieces
   747 | D:6      | Bought a scroll of noise for 14 gold pieces
   793 | D:7      | Noticed Pikel
   809 | D:7      | Noticed Duvessa
   810 | D:7      | Noticed Dowan
   853 | D:7      | Killed Duvessa
   866 | D:8      | Acquired Makhleb's first power
   913 | D:8      | Reached skill level 10 in Axes
   913 | D:8      | Reached XP level 8. HP: 30/66 MP: 7/7
  1008 | D:9      | Reached skill level 1 in Evocations
  1177 | D:9      | Found a staircase to the Lair.
  1184 | D:9      | Noticed a purple ugly thing
  1218 | D:9      | Noticed a troll
  1248 | D:9      | Noticed a wandering mushroom
  1274 | Lair:1   | Entered Level 1 of the Lair of Beasts
  1274 | Lair:1   | Noticed a spiny frog
  1275 | Lair:1   | Reached skill level 11 in Axes
  1281 | Lair:1   | Slain by a spiny frog

Action                   |  1- 3 |  4- 6 |  7- 9 || total
-------------------------+-------+-------+-------++-------
Melee: War axe           |    13 |       |   136 ||   149
       Hand axe          |    33 |    34 |    36 ||   103
Throw: Throwing net      |       |     1 |     5 ||     6
 Abil: Device Recharging |       |       |     4 ||     4
Evoke: Wand              |     1 |     3 |    22 ||    26
       Deck              |     1 |     3 |     1 ||     5
  Use: Potion            |       |       |     4 ||     4
 Stab: Held in net/web   |       |       |     2 ||     2
  Eat: Fruit             |       |       |     5 ||     5
       Royal jelly       |       |       |     1 ||     1
       Pizza             |       |       |     1 ||     1
       Chunk             |       |       |     1 ||     1
